AoeStats
← ☆寒星霞芒☆

Glade

510508060Analyzed
1v1 RM · 2d ago on Oct 1, 2026· 23m 12s· 2 players
Game mode
Random Map
Map size
Tiny (2 player)
Population
200
Speed
Normal
Resources
Standard
Victory
Conquest
Starting age
Dark Age
Ending age
Imperial Age
RankedLock teamsTeams togetherTeam positionsShared explorationLock speedFull tech treeHidden civsTurbo modeCheats
Victory
Defeat
🇦🇷 Persians · Argentina
1083
+18
🇨🇳 Khitans · China
1129
-18
☆寒星霞芒☆
6:13 Loom
14:30 Feudal Age
17:57 Feudal Age
18:39 Man-at-Arms
19:16 Double-Bit Axe
20:30 Forging
20:27 Scale Barding Armor
1987
4:28 Loom
22:17 Feudal Age
24:20 Wheelbarrow
Connection lost

Rejoining the realm…

Still unreachable

The connection could not be restored.

Session expired

The server has moved on; the page needs a fresh start.